 Dungeon Crawl Stone Soup version 0.26.0-57-g60708a5e39 (webtiles) character file.

Game seed: 8807030463222086791

7114 swilekon the Cleaver (level 11, -6/85 HPs)
             Began as an Octopode Monk on Feb 1, 2021.
             Was a High Priest of the Shining One.
             Mangled by a polar bear (7 damage)
             ... on level 10 of the Dungeon.
             The game lasted 00:30:35 (12691 turns).

swilekon the Cleaver (Octopode Monk)               Turns: 12691, Time: 00:30:35

Health: -6/85      AC:  6    Str: 13    XL:     11   Next: 10%
Magic:  21/24      EV: 19    Int: 13    God:    the Shining One [*****.]
Gold:   632        SH:  8    Dex: 15    Spells: 10/10 levels left

rFire    . . .     SeeInvis .   u - +0 battleaxe
rCold    . . .     Faith    +   (shield currently unavailable)
rNeg     + + +     Spirit   .   x - +1 hat
rPois    .         Reflect  .   a - amulet of faith
rElec    .         Harm     .   n - ring of flight
rCorr    .         Rampage  .   s - ring of positive energy
Will     .....     Rnd*Rage +   t - ring of magical power
Stlth    ++........             m - ring of fire
HPRegen  0.24/turn              w - ring of ice
MPRegen  0.19/turn              (no ring)
                                (no ring)
                                (no ring)

@: divine shield, glowing
A: almost no armour, stealthy swim, amphibious, 8 rings, constrict 8, iridescent
scales 1, slimy green scales 1, camouflage 1, berserk 1, robust 1, gelatinous
body 1
a: Renounce Religion, Evoke Flight, Divine Shield, Cleansing Flame, Summon
Divine Warrior


You were on level 10 of the Dungeon.
You worshipped the Shining One.
The Shining One was extremely pleased with you.
You visited 2 branches of the dungeon, and saw 11 of its levels.
You also visited: Sewer.

You collected 632 gold pieces.

Inventory:

Hand Weapons
 r - a +3 hand axe of flaming
 u - a +0 battleaxe (weapon)
Armour
 x - a +1 hat (worn)
Jewellery
 a - an amulet of faith (around mantle)
 m - a ring of fire (on tentacle)
 n - a ring of flight (left tentacle)
 s - a ring of positive energy (right tentacle)
 t - a ring of magical power (on tentacle)
 w - a ring of ice (on tentacle)
Wands
 e - a wand of flame (17)
 k - a wand of enslavement (10)
Scrolls
 b - 2 scrolls of enchant armour
 c - 5 scrolls of immolation
 g - 7 scrolls of remove curse
 h - 3 scrolls of amnesia
 j - a scroll of identify
 l - 7 scrolls of teleportation
 p - 4 scrolls of magic mapping
 q - 3 scrolls of fog
Potions
 d - 2 potions of haste
 f - 2 potions of curing
 i - 4 potions of magic
 o - 4 potions of brilliance


   Skills:
 + Level 8.4 Fighting
 * Level 11.3 Axes
 + Level 8.5 Dodging
 - Level 5.0 Stealth
 + Level 5.5 Invocations


You had 10 spell levels left.
You didn't know any spells.
Your spell library contained the following spells:

 Spells                   Type           Power        Failure   Level
 Beastly Appendage        Tmut           0%           30%         1
 Freeze                   Ice            0%           30%         1
 Shock                    Conj/Air       0%           30%         1
 Swiftness                Air            0%           43%         2
 Wereblood                Tmut           0%           43%         2
 Frozen Ramparts          Ice            0%           67%         3
 Ozocubu's Armour         Ice            0%           67%         3
 Spider Form              Tmut/Pois      0%           67%         3
 Static Discharge         Conj/Air       0%           67%         3
 Airstrike                Air            0%           97%         4
 Hailstorm                Conj/Ice       0%           97%         4
 Ice Form                 Ice/Tmut       0%           97%         4
 Summon Ice Beast         Ice/Summ       0%           97%         4
 Blade Hands              Tmut           0%           100%        5
 Lightning Bolt           Conj/Air       0%           100%        5


Dungeon Overview and Level Annotations

Branches:
Dungeon (10/15)            Temple (1/1) D:5            Lair (0/6) D:8
  Sewer (visited)
    Orc: D:9-12

Altars:
Ashenzari
Cheibriados
Dithmenos
Elyvilon
Fedhas
Gozag
Hepliaklqana
Kikubaaqudgha
Makhleb
Nemelex Xobeh
Okawaru
Qazlal
Ru
Sif Muna
Trog
Uskayaw
Vehumet
Wu Jian
Xom
Yredelemnul
Zin
The Shining One

Shops:
D:5 [   D:7 }   D:8 =


Innate Abilities, Weirdness & Mutations

You cannot wear most types of armour.
You are very stealthy in the water. (Stealth+)
You are amphibious.
You can wear up to eight rings at the same time.
You can use your tentacles to constrict eight enemies at once.
Your skin changes colour to match your surroundings (Stealth+).
Your rubbery body absorbs attacks. (AC +1, EV +1)
You are partially covered in iridescent scales. (AC +2)
You are partially covered in slimy green scales. (AC +2)
You tend to lose your temper in combat.
You are robust. (+10% HP)


Message History

You slash the black bear!
You kill the black bear!
You completely miss the polar bear. The polar bear misses you.
The polar bear barely misses you. The polar bear claws you.
The polar bear bites you. The polar bear misses you. x2
The polar bear barely misses you. The polar bear misses you.
The polar bear claws you.
* * * LOW HITPOINT WARNING * * *
You hit the polar bear but do no damage.
You squeeze the polar bear.
The polar bear is almost dead.
You slash the polar bear! The polar bear bites you!
* * * LOW HITPOINT WARNING * * *
The polar bear claws you!
* * * LOW HITPOINT WARNING * * *
The polar bear completely misses you. The polar bear bites you!
* * * LOW HITPOINT WARNING * * *
The polar bear misses you. The polar bear barely misses you.
A divine shield forms around you! The polar bear bites you!
You die...

...######.#
#.....#
...#
#.###.....#
##.#
+.†.......#
##.#
#.........#
...#
#.........#
...#
#.........#
...#
#.#####...#
#### #.#
#...# #.#
#.@.# #hh†#
#...# .....
...P.P.
##..._..#
#....P..
##......#


You could see 2 polar bears.

Vanquished Creatures
  The ghost of howech the Cruncher, a novice MiGl of Cheibriados (D:8)
  2 trolls
  Grinder (D:5)
  A wyvern (D:8)
  A hog (shapeshifter) (D:10)
  Edmund (D:4)
  A water moccasin (D:7)
  3 orc warriors
  5 ice beasts (D:8)
  4 sky beasts (D:8)
  2 black bears
  3 wolves (D:8)
  7 ogres
  3 centaurs
  Blork the orc (D:5)
  A big kobold (D:8)
  5 bullfrogs
  5 scorpions
  A water moccasin skeleton (D:6)
  3 killer bees
  6 wights
  3 howler monkeys
  A quasit (D:9)
  A bullfrog zombie (D:9)
  A centaur zombie (D:5)
  11 hounds
  3 jellies
  4 orc priests
  5 orc wizards
  4 bullfrog skeletons
  A gnoll shaman (D:8)
  3 iguanas
  6 worker ants
  A centaur simulacrum (D:8)
  2 hound skeletons
  2 worker ant zombies
  21 adders
  7 gnolls
  5 river rats (Sewer)
  A shadow imp (D:9)
  4 white imps
  A howler monkey simulacrum (D:8)
  3 ufetubi
  An ooze (Sewer)
  An adder skeleton (D:5)
  2 worms
  A dart slug (D:2)
  An adder simulacrum (D:8)
  3 leopard geckos
  28 orcs
  14 ball pythons
  6 giant cockroaches
  8 goblins
  12 hobgoblins
  17 jackals
  A quokka (D:2)
  5 bats
  12 frilled lizards
  A jackal skeleton (D:8)
  9 kobolds
  37 rats
306 creatures vanquished.

Notes
Turn   | Place    | Note
-------+----------+-------------------------------------------
     0 | D:1      | swilekon the Octopode Monk began the quest for the Orb.
     0 | D:1      | Reached XP level 1. HP: 16/16 MP: 1/1
    72 | D:1      | Reached XP level 2. HP: 16/21 MP: 2/2
   525 | D:1      | Reached XP level 3. HP: 26/26 MP: 3/3
  1498 | D:2      | Reached XP level 4. HP: 31/31 MP: 4/4
  1670 | D:2      | Reached skill level 4 in Axes
  1854 | D:2      | Reached XP level 5. HP: 36/36 MP: 5/5
  2147 | D:3      | Noticed an ogre
  2237 | D:3      | Found a glowing drain.
  2259 | Sewer    | Entered a sewer
  3105 | Sewer    | Reached XP level 6. HP: 26/43 MP: 6/6
  3212 | Sewer    | HP: 2/43 [poisoned by an adder]
  3596 | Sewer    | Gained mutation: You are partially covered in large bone
                  | plates. (SH +4) [potion of mutation]
  3596 | Sewer    | Gained mutation: You are robust. (+10% HP) [potion of
                  | mutation]
  3604 | Sewer    | Reached skill level 5 in Axes
  3607 | Sewer    | Reached skill level 5 in Stealth
  3888 | Sewer    | Lost mutation: You are robust. (+10% HP) [potion of
                  | mutation]
  3888 | Sewer    | Lost mutation: You are partially covered in large bone
                  | plates. (SH +4) [potion of mutation]
  3888 | Sewer    | Gained mutation: One of your tentacles bears a spike.
                  | [potion of mutation]
  3888 | Sewer    | Gained mutation: You expend magic power (3 MP) to
                  | strengthen your wands. [potion of mutation]
  3888 | Sewer    | Gained mutation: You can translocate small distances at
                  | will. [potion of mutation]
  3888 | Sewer    | Gained mutation: You have a pair of small antennae on your
                  | head. [potion of mutation]
  3889 | Sewer    | Lost mutation: You have a pair of small antennae on your
                  | head. [potion of mutation]
  3889 | Sewer    | Lost mutation: One of your tentacles bears a spike. [potion
                  | of mutation]
  3889 | Sewer    | Lost mutation: You can translocate small distances at will.
                  | [potion of mutation]
  3889 | Sewer    | Gained mutation: You tend to lose your temper in combat.
                  | [potion of mutation]
  3889 | Sewer    | Gained mutation: You have an increased reservoir of magic.
                  | (+10% MP) [potion of mutation]
  3889 | Sewer    | Gained mutation: Your body sometimes deteriorates upon
                  | taking damage. [potion of mutation]
  3889 | Sewer    | Gained mutation: You are partially covered in iridescent
                  | scales. (AC +2) [potion of mutation]
  4375 | D:3      | Reached XP level 7. HP: 49/49 MP: 7/7
  4936 | D:4      | Found a shimmering blue altar of Sif Muna.
  4940 | D:4      | Found a shadowy altar of Dithmenos.
  4946 | D:4      | Found an ancient bone altar of Kikubaaqudgha.
  4954 | D:4      | Found a shimmering altar of Xom.
  4976 | D:4      | Found a burning altar of Makhleb.
  5197 | D:4      | Reached skill level 6 in Axes
  5216 | D:4      | Noticed Edmund
  5234 | D:4      | Killed Edmund
  5235 | D:4      | Reached skill level 5 in Fighting
  5235 | D:4      | Reached skill level 5 in Dodging
  5239 | D:4      | Reached XP level 8. HP: 11/55 MP: 8/8
  5755 | D:5      | Entered Level 5 of the Dungeon
  5957 | D:5      | Found Beutia's Antique Armour Shoppe.
  6328 | D:5      | Found a staircase to the Ecumenical Temple.
  6339 | D:5      | Reached skill level 7 in Axes
  6347 | Temple   | Entered the Ecumenical Temple
  6583 | Temple   | Became a worshipper of the Shining One
  6583 | Temple   | Reached * piety under the Shining One
  6583 | Temple   | Reached ** piety under the Shining One
  6689 | D:5      | Noticed Grinder
  6698 | D:5      | Killed Grinder
  6745 | D:5      | Lost mutation: You expend magic power (3 MP) to strengthen
                  | your wands. [potion of mutation]
  6745 | D:5      | Lost mutation: You have an increased reservoir of magic.
                  | (+10% MP) [potion of mutation]
  6745 | D:5      | Lost mutation: Your body sometimes deteriorates upon taking
                  | damage. [potion of mutation]
  6745 | D:5      | Gained mutation: You are robust. (+10% HP) [potion of
                  | mutation]
  6745 | D:5      | Gained mutation: You are partially covered in slimy green
                  | scales. (AC +2) [potion of mutation]
  6799 | D:5      | Found an ancient bone altar of Kikubaaqudgha.
  6844 | D:5      | Noticed Blork the orc
  6853 | D:5      | Killed Blork the orc
  7258 | D:6      | Reached skill level 8 in Axes
  7297 | D:6      | Reached XP level 9. HP: 68/68 MP: 9/9
  7376 | D:6      | Reached *** piety under the Shining One
  7848 | D:7      | Found a radiant altar of Vehumet.
  7970 | D:7      | Reached skill level 9 in Axes
  7970 | D:7      | Reached skill level 1 in Invocations
  8019 | D:7      | Found Geutoz's Gadget Boutique.
  8373 | D:8      | Found a staircase to the Lair.
  8653 | D:8      | Noticed a troll
  8676 | D:8      | Killed a troll
  8677 | D:8      | Reached XP level 10. HP: 24/78 MP: 12/12
  9134 | D:8      | Reached skill level 10 in Axes
  9260 | D:8      | Found Daupiuc's Jewellery Boutique.
  9277 | D:8      | Noticed howech's ghost (novice MiGl)
  9319 | D:8      | Found a runed translucent gate.
  9319 | D:8      | Found a runed translucent gate.
  9319 | D:8      | Found a runed translucent gate.
  9657 | D:8      | Reached **** piety under the Shining One
 10006 | D:8      | Found an ornate altar of the Wu Jian Council.
 10006 | D:8      | Found a white marble altar of Elyvilon.
 10007 | D:8      | Found a hazy altar of Hepliaklqana.
 10008 | D:8      | Found a blossoming altar of Fedhas.
 10010 | D:8      | Found a hide-covered altar of Uskayaw.
 10124 | D:8      | Killed howech's ghost
 11281 | D:9      | Reached skill level 11 in Axes
 11281 | D:9      | Reached skill level 5 in Invocations
 11435 | D:9      | Identified the cursed +3 quarterstaff of Might {speed,
                  | Will+}
 11684 | D:9      | Reached XP level 11. HP: 84/84 MP: 14/14
 11768 | D:9      | Reached ***** piety under the Shining One
 11931 | D:10     | Entered Level 10 of the Dungeon
 12679 | D:10     | Found a bloodstained altar of Trog.
 12690 | D:10     | HP: 1/85 [polar bear (8)]
 12691 | D:10     | Mangled by a polar bear

Illustrated notes

Levels and vault maps discovered:
D:1:      dpeg_arrival_shelter, layout_basic
D:2:      layout_basic, minmay_3d_cube
D:3:      layout_basic, portal_sewer_entry_b
D:4:      layout_basic, minmay_overflow_temple_star_hex,
          guppyfry_early_lair_pool, uniq_edmund
D:5:      layout_basic, temple_green, serial_shops, shop, basic_altar,
          uniq_grinder, uniq_blork_the_orc
D:6:      lemuel_upstairs_altar, layout_rooms, minmay_starry_boxes
D:7:      wander_river, layout_basic, vehumet_crystals, serial_shops,
          nicolae_shop_stone
D:8:      layout_loops_ring, minitemple, erik_lair_island, serial_shops, shop,
          gammafunk_ghost_icy, chequers_serial_rivers_micro_c, tgw_kikubaaqudgha
D:9:      layout_big_octagon
D:10:     layout_stronghold, david_orc_2, st_stairs_2, trog_ov_bears_minmay,
          uniq_nergalle, uniq_joseph
Temple:   minmay_freezing_vapour_temple

Skill      XL: |  1  2  3  4  5  6  7  8  9 10 |
---------------+-------------------------------+-----
Stealth        | 3 4 5 |  5.0
Axes           | 4 5 6 8 9 11 | 11.3
Fighting       | 4 5 6 7 8 |  8.4
Dodging        | 4 5 6 7 8 |  8.5
Invocations    | 3 5 |  5.5

Action                   |  1- 3 |  4- 6 |  7- 9 | 10-12 || total
-------------------------+-------+-------+-------+-------++-------
Melee: Hand axe          |    69 |   138 |   263 |   186 ||   656
       Constrict         |    16 |    43 |    48 |    41 ||   148
       Tentacles         |    10 |    30 |    45 |    54 ||   139
       War axe           |       |    10 |       |       ||    10
       Battleaxe         |       |       |       |    45 ||    45
Invok: Divine Shield     |       |       |       |     2 ||     2
  Use: Potion            |       |    11 |     8 |     4 ||    23
       Scroll            |       |       |    12 |     4 ||    16
 Stab: Sleeping          |    12 |    13 |    10 |       ||    35
       Distracted        |     1 |     1 |       |       ||     2
Armor: Skin              |     2 |    15 |    27 |    26 ||    70
Dodge: Dodged            |    37 |   186 |   174 |   231 ||   628
Block: Other             |       |     7 |       |     1 ||     8
